 Dungeon Crawl Stone Soup version 0.30.1-11-g7821555f0a (webtiles) character file.

Game seed: 11247154481468054521

567 MrIGI the Ruffian (level 7, -1/68 HPs)
             Began as a Troll Fighter on Jan 3, 2024.
             Was a Follower of Wu Jian.
             Slain by an orc
             ... wielding a +0 hand axe
              (7 damage)
             ... on level 5 of the Dungeon.
             The game lasted 00:07:51 (2427 turns).

MrIGI the Ruffian (Troll Fighter)                   Turns: 2427, Time: 00:07:53

Health: -1/68      AC:  4    Str: 27    XL:     7   Next: 11%
Magic:  6/6        EV: 10    Int:  4    God:    Wu Jian [*.....]
Gold:   148        SH:  9    Dex: 15    Spells: 6/6 levels left

rFire   . .          .
                       - Unarmed
rCold   . . .        b - +0 kite shield
rNeg    . . .        a - +0 robe
rPois   .            (helmet restricted)
rElec   .            (no cloak)
rCorr   .            (gloves unavailable)
SInv    .            (boots unavailable)
Will    .....        (no amulet)
Stlth   +            r - +6 ring of dexterity
HPRegen 1.11/turn    (no ring)
MPRegen 0.10/turn

%: no passive effects
@: no status effects
A: large, unfitting armour, claws 3, regeneration 1, shaggy fur 1, tough skin 1
a: Renounce Religion


You were on level 5 of the Dungeon.
You worshipped Wu Jian.
Wu Jian was aware of your devotion.
You visited 1 branch of the dungeon, and saw 5 of its levels.

You collected 208 gold pieces.
You spent 60 gold pieces at shops.

Inventory:

Missiles
 i - 4 poisoned darts (quivered)
Armour
 a - a +0 robe (worn)
 b - a +0 kite shield (worn)
 p - the +2 leather armour of Anarchy {MP-9 Int+5 Dex+2}
   (You found it on level 2 of the Dungeon)

   Int:       It affects your intelligence (+5).
   Dex:       It affects your dexterity (+2).
   MP:        It affects your magic capacity (-9).
Jewellery
 r - a +6 ring of dexterity (left claw)
Scrolls
 e - a scroll of immolation {unknown}
 g - 2 scrolls of vulnerability {unknown}
 h - 3 scrolls of identify
 j - a scroll of poison
 l - a scroll of fog {unknown}
 m - 2 scrolls of teleportation
 o - a scroll of enchant armour {unknown}
 q - 2 scrolls of enchant weapon {unknown}
 s - a scroll of silence {unknown}
Potions
 c - a potion of might
 d - 3 potions of invisibility
 f - a potion of degeneration {unknown}
 k - 2 potions of curing
 n - a potion of haste {unknown}
 t - 2 potions of lignification {unknown}
 u - a potion of flight
 v - 2 potions of attraction {unknown}
 w - a potion of mutation {unknown}


   Skills:
 + Level 3.7 Fighting
 + Level 3.6 Dodging
 + Level 4.1 Shields
 * Level 5.1 Unarmed Combat


You had 6 spell levels left.
You didn't know any spells.
Your spell library contained the following spells:

 Spells                   Type           Power      Damage    Failure   Level
 Magic Dart               Conj           0%         1d3       75%         1
 Necrotise                Necr           0%         1d4       75%         1
 Searing Ray              Conj           0%         2d4       86%         2
 Vampiric Draining        Necr           0%         2d6       98%         3
 Fulminant Prism          Conj/Hex       0%         3d5       100%        4
 Agony                    Necr           0%         N/A       100%        5


Dungeon Overview and Level Annotations

Branches:
Dungeon (5/15)             Temple (0/1) D:4

Altars:
Dithmenos
Fedhas
Makhleb
Wu Jian
Zin

Shops:
D:1 =   D:4 *[   D:5 *

Annotations:
D:4 Menkaure
D:5 ozzols's ghost, novice MiBe


Innate Abilities, Weirdness & Mutations

You are too large for most types of armour.
You have claws for hands.
Your natural rate of healing is unusually fast.
You are covered in fur. (AC +1)
You have tough skin. (AC +1)


Message History

You scratch the scorpion.
The scorpion is moderately wounded.
You feel sick. The orc hits you but does no damage. Something hits you.
You block the orc's attack. The scorpion stings you.
You closely miss the scorpion.
The scorpion is moderately wounded.
You feel sick. The orc barely misses you. The scorpion stings you.
Something hits you.
* * * LOW HITPOINT WARNING * * *
The orc completely misses you.
You scratch the scorpion.
The scorpion is heavily wounded.
You feel sick. The scorpion barely misses you. Something hits you.
* * * LOW HITPOINT WARNING * * *
You block the orc's attack. The orc barely misses you.
You claw the scorpion!
You kill the scorpion!
The Council accepts your kill.
You feel sick. You block the orc's attack. The orc hits you with a +0 hand axe.
* * * LOW HITPOINT WARNING * * *
Something hits you but does no damage.
You have reached level 7!
You miss something.
You feel sick. Something hits you but does no damage.
You block the orc's attack. x2
You miss something.
You feel sick. Something hits you.
* * * LOW HITPOINT WARNING * * *
You block the orc's attack. The orc hits you but does no damage.
You closely miss something.
You feel sick. Something hits you.
* * * LOW HITPOINT WARNING * * *
The orc hits you with a +0 dagger.
* * * LOW HITPOINT WARNING * * *
You block the orc's attack.
You closely miss something.
You feel sick.
You are no longer poisoned.
Something hits you.
* * * LOW HITPOINT WARNING * * *
The orc hits you with a +0 dagger.
* * * LOW HITPOINT WARNING * * *
The orc hits you with a +0 hand axe!
You die...

#. #...........#.### #
###.###.....#...........
..#.......#.#
#....###.###
.........#..###...###
......>......##..###.#
>............##..##...#
.............##..# .#.#
..........o..##..##...#
.........o@..#...#y#.#.
...>.....{###....#yy#.
..#.....#..##.#.©#y.#
......####.#..##.#W.#
......# #....##.#.#.#
......####.##..#.##...#
#....#....###.#.# .###
#.....####.....##!..#
##.....###...<..###.#


You could see 2 orcs.

Vanquished Creatures
  A phantom (D:4)
  3 scorpions
  A hound (D:4)
  2 jellies
  An orc priest (D:4)
  An iguana (D:4)
  A sleepcap (D:4)
  5 adders
  An ufetubus (D:5)
  3 dart slugs
  13 orcs
  6 bats
  5 endoplasms
  A giant cockroach (D:2)
  5 goblins
  4 hobgoblins
  2 jackals (D:1)
  3 quokkas
  5 ball pythons
  2 frilled lizards
  6 kobolds
  7 rats
78 creatures vanquished.

Notes
Turn   | Place    | Note
-------+----------+-------------------------------------------
     0 | D:1      | MrIGI the Troll Fighter began the quest for the Orb.
     0 | D:1      | Reached XP level 1. HP: 22/22 MP: 0/0
   102 | D:1      | Reached XP level 2. HP: 26/29 MP: 1/1
   608 | D:1      | Found Ryvagy's Jewellery Emporium.
   865 | D:2      | Reached XP level 3. HP: 33/36 MP: 2/2
  1138 | D:2      | Identified the +2 leather armour of Anarchy {MP-9 Int+5
                  | Dex+2}
  1332 | D:3      | Reached skill level 3 in Unarmed Combat
  1537 | D:3      | Reached XP level 4. HP: 44/44 MP: 3/3
  1555 | D:3      | Found an ornate altar of the Wu Jian Council.
  1560 | D:3      | Became a worshipper of the Wu Jian Council
  1797 | D:4      | Found Oxirugaf's General Store.
  1822 | D:4      | Bought a scroll of teleportation for 30 gold pieces
  1822 | D:4      | Bought a potion of flight for 30 gold pieces
  1838 | D:4      | Found a staircase to the Ecumenical Temple.
  1858 | D:4      | Noticed Menkaure
  1916 | D:4      | Found Mot Fei's Armour Emporium.
  1929 | D:4      | Reached XP level 5. HP: 53/53 MP: 4/4
  1931 | D:4      | Noticed a phantom
  1952 | D:4      | Killed a phantom
  1953 | D:4      | Reached skill level 4 in Unarmed Combat
  1978 | D:4      | Reached XP level 6. HP: 46/61 MP: 5/5
  2090 | D:4      | Reached * piety under Wu Jian
  2125 | D:4      | Found a burning altar of Makhleb.
  2125 | D:4      | Found a shadowy altar of Dithmenos.
  2237 | D:5      | Entered Level 5 of the Dungeon
  2341 | D:5      | Found a blossoming altar of Fedhas.
  2342 | D:5      | Found Zin's Purification Station.
  2349 | D:5      | Found a glowing silver altar of Zin.
  2374 | D:5      | Noticed ozzols's ghost (novice MiBe)
  2383 | D:5      | Reached skill level 5 in Unarmed Combat
  2424 | D:5      | Reached XP level 7. HP: 12/68 MP: 6/6
  2427 | D:5      | Slain by an orc

Illustrated notes

Levels and vault maps discovered:
D:1:      heliophobic_arrival_dark_side_of_the_moon, layout_basic, serial_shops,
          nicolae_lakefront_shop
D:2:      layout_basic
D:3:      minmay_angry_zag, layout_rooms, marbit_many_paths
D:4:      layout_rooms, jmf_multi_god_temple, temple_pool_b, serial_shops, shop,
          nicolae_stop_n_shop_2, uniq_menkaure
D:5:      layout_rooms, mainiacjoe_overflow_chevrons, zin_purify,
          gammafunk_ghost_hive, hangedman_decor_opposing,
          minmay_chambers_of_fives

Skill      XL: |  1  2  3  4  5  6 |
---------------+-------------------+-----
Shields        | 3 4 |  4.1
Unarmed Combat | 3 4 5 |  5.1
Dodging        | 3 |  3.6
Fighting       | 3 |  3.7

Action                     |  1- 3 |  4- 6 |  7- 9 || total
---------------------------+-------+-------+-------++-------
  Melee: Unarmed           |   123 |   135 |     4 ||   262
Ability: Lunge             |       |     7 |       ||     7
         Whirlwind         |       |     5 |       ||     5
    Use: Scroll            |       |     3 |       ||     3
   Stab: Sleeping          |       |     1 |       ||     1
 Armour: Robe              |    42 |    32 |     2 ||    76
  Dodge: Dodged            |    36 |    54 |       ||    90
  Block: Kite shield       |    49 |    53 |     4 ||   106
